 Dungeon Crawl Stone Soup version 0.28-a0-1199-gef9e1dbd39 (webtiles) character file.

Game seed: 982021658709181456

7 shoop the Vexing (level 2, -1/28 HPs)
             Began as an Ogre Wanderer on Dec 20, 2021.
             Slain by a quokka (2 damage)
             ... on level 1 of the Dungeon.
             The game lasted 00:01:09 (340 turns).

shoop the Vexing (Ogre Wanderer)                     Turns: 340, Time: 00:01:10

Health: -1/28      AC:  3    Str: 16    XL:     2   Next: 0%
Magic:  3/3        EV:  7    Int: 12    God:
Gold:   0          SH:  9    Dex:  8    Spells: 2/3 levels left

rFire   . . .      SeeInvis .   a - +0 club
rCold   . . .      Faith    .   c - +2 kite shield
rNeg    . . .      Spirit   .   b - +0 robe
rPois   .          Reflect  .   (helmet restricted)
rElec   .          Harm     .   (no cloak)
rCorr   .          Rampage  .   (gloves unavailable)
Will    .....                   (boots unavailable)
Stlth   +.........              (no amulet)
HPRegen 0.09/turn               (no ring)
MPRegen 0.08/turn               (no ring)

@: no status effects
A: large, unfitting armour, tough skin 1
a: no special abilities


You were on level 1 of the Dungeon.
You visited 1 branch of the dungeon, and saw 1 of its levels.

Inventory:

Hand Weapons
 a - a +0 club (weapon)
Armour
 b - a +0 robe (worn)
 c - a +2 kite shield (worn)


   Skills:
 + Level 2.1 Fighting
 - Level 1.7 Dodging
 - Level 2.6 Shields
 - Level 1.2 Spellcasting
 - Level 2.6 Hexes
 - Level 1.0 Evocations


You had 2 spell levels left.
You knew the following spells:

 Your Spells              Type           Power      Damage    Failure   Level
a - Slow                  Hex            28%        N/A       36%         1

Your spell library contained the following spells:

 Spells                   Type           Power      Damage    Failure   Level
 Summon Guardian Golem    Hex/Summ       3%         N/A       90%         3


Dungeon Overview and Level Annotations

Branches:
Dungeon (1/15)

Altars:


Innate Abilities, Weirdness & Mutations

You are too large for most types of armour.
You have tough skin. (AC +1)


Message History

The quokka is moderately wounded.
You block the quokka's attack. The quokka closely misses you.
You barely miss the quokka.
The quokka is moderately wounded.
The quokka bites you. You block the quokka's attack.
You barely miss the quokka.
The quokka is moderately wounded.
You block the quokka's attack. The quokka barely misses you.
You closely miss the quokka. The quokka bites you.
The quokka bites you but does no damage.
You barely miss the quokka. You block the quokka's attack.
The quokka bites you.
You closely miss the quokka. The quokka bites you.
You are too injured to fight recklessly!
You are too injured to fight recklessly!
You are too injured to fight recklessly!
You are too injured to fight recklessly!
You are too injured to fight recklessly!
You closely miss the quokka. The quokka barely misses you.
The quokka bites you but does no damage.
You closely miss the quokka. The quokka bites you.
The quokka bites you but does no damage.
You hit the quokka but do no damage. You block the quokka's attack.
The quokka barely misses you.
You closely miss the quokka. The quokka bites you.
You block the quokka's attack.
You hit the quokka.
The quokka is heavily wounded.
The quokka bites you.
* * * LOW HITPOINT WARNING * * *
You hit the quokka but do no damage.
The quokka is heavily wounded.
The quokka bites you.
* * * LOW HITPOINT WARNING * * *
You block the quokka's attack.
You closely miss the quokka.
The quokka is heavily wounded.
The quokka bites you but does no damage.
The quokka bites you.
You die...

#.##...........#.#
#.##..###.........
#.##...##..#.#.#.#
##+#.###..##......#
#.............#.#.#
#.[..####.....#.# #
#....# ####.## #
#....#######.#
#.....@r.....#
##########....####.####
#.....................
##.###########.####.....
.†.# #......# #.#####
##.# #.###### #.# ≈#.#
#.# #.# ≈#.######.# #.#
≈#........#


You could see a quokka.

Vanquished Creatures
  3 ball pythons (D:1)
  A bat (D:1)
  A hobgoblin (D:1)
5 creatures vanquished.

Notes
Turn   | Place    | Note
-------+----------+-------------------------------------------
     0 | D:1      | shoop the Ogre Wanderer began the quest for the Orb.
     0 | D:1      | shoop set off with the following items: a +0 club, a +0
                  | robe, a +2 kite shield; and the following spell memorised:
                  | Slow; and the following spells available to memorise:
                  | Summon Guardian Golem
     0 | D:1      | Reached XP level 1. HP: 16/16 MP: 2/2
   246 | D:1      | Reached skill level 1 in Fighting
   322 | D:1      | Reached XP level 2. HP: 23/28 MP: 3/3
   339 | D:1      | HP: 1/28 [quokka (4)]
   340 | D:1      | Slain by a quokka

Illustrated notes

Levels and vault maps discovered:
D:1:      dpeg_arrival_shrine, layout_basic, minmay_misc_feat_secret_circle

Skill      XL: |  1 |
---------------+----+-----
Fighting       | 2 |  2.1
Dodging        | |  1.7
Shields        | |  2.6
Spellcasting   | |  1.2
Hexes          | |  2.6
Evocations     | |  1.0

Action                   || total
-------------------------++-------
Melee: Club              ||    46
Armor: Robe              ||    24
Dodge: Dodged            ||    23
Block: Kite shield       ||    28

Table legend: (Time is in decaauts)
 A = Elapsed time spent in this place.
 B = Non-inter-level travel time spent in this place.
 C = Inter-level travel time spent in this place.
 D = Time resting spent in this place.
 E = Time spent auto-exploring this place.
 F = Levels seen in this place.
 G = Mean time per level.
                   A        B        C        D        E       F      G
               +--------+--------+--------+--------+--------+-----+--------+
         Total |    364 |    364 |      0 |      0 |    267 |   1 |  364.0 |
       Dungeon |    364 |    364 |      0 |      0 |    267 |   1 |  364.0 |
               +--------+--------+--------+--------+--------+-----+--------+

Top non-repeatable levels by time:
     D:1: 364 daAuts
